 Dungeon Crawl Stone Soup version 0.18.1-48-g4cf74bf (webtiles) character file.

122 Antonin the Shooter (level 4, 0/29 HPs)
             Began as a High Elf Hunter on Sept 11, 2016.
             Slain by Sigmund
             ... wielding a +1 scythe of venom
              (13 damage)
             ... on level 2 of the Dungeon.
             The game lasted 00:04:21 (1329 turns).

Antonin the Shooter (High Elf Hunter)               Turns: 1329, Time: 00:04:22

Health: 0/29       AC:  3    Str: 11    XL:     4   Next: 78%
Magic:  5/5        EV: 13    Int: 14    God:
Gold:   56         SH:  0    Dex: 17    Spells: 0 memorised, 3 levels left

rFire  . . .     SeeInvis .     a - +1 shortbow
rCold  . . .     Gourm    .     c - +0 leather armour
rNeg   . . .     Faith    .     (shield currently unavailable)
rPois  .         Spirit   .     (no helmet)
rElec  .         Dismiss  .     (no cloak)
rCorr  .         Reflect  .     (no gloves)
SustAt .         Harm     .     (no boots)
MR     .....                    (no amulet)
Stlth  ++........               (no ring)
                                (no ring)

@: lethally poisoned (0 -> -10), not resistant to hostile enchantments,
unstealthy
A: no striking features
a: no special abilities


You were on level 2 of the Dungeon.
You were not hungry.

You visited 1 branch of the dungeon, and saw 2 of its levels.

You collected 56 gold pieces.

Inventory:

Hand Weapons
 a - a +1 shortbow (weapon)
 b - a +0 short sword
Missiles
 o - 4 arrows (quivered)
Armour
 c - a +0 leather armour (worn)
Scrolls
 d - a scroll of fear {unknown}
 e - 3 scrolls of identify {unknown}
 h - a scroll of fog {unknown}
 i - 3 scrolls of teleportation {unknown}
 k - 2 scrolls of remove curse {unknown}
 l - a scroll of random uselessness {unknown}
 m - a scroll of noise {unknown}
Potions
 g - a potion of haste {unknown}
 j - a potion of curing {unknown}
 p - a potion of heal wounds {unknown}
Comestibles
 f - 2 bread rations
 n - a chunk of flesh


   Skills:
 - Level 2.0 Fighting
 * Level 7.2 Bows
 + Level 3.1 Dodging
 + Level 2.5 Stealth


You had 3 spell levels left.
You didn't know any spells.

Dungeon Overview and Level Annotations

Branches:
Dungeon (2/15)

Altars:

Annotations:
D:2 Sigmund


Message History

Firing (i - inventory):
o - 6 arrows (quivered)
Press: ? - help, Shift-Dir - straight line, f/p - Sigmund
Aim: Sigmund, wielding a scythe of venom and wearing a robe (lightly wounded)
You shoot an arrow. Sigmund misses you.
Firing (i - inventory):
o - 5 arrows (quivered)
Press: ? - help, Shift-Dir - straight line, f/p - Sigmund
Aim: Sigmund, wielding a scythe of venom and wearing a robe (lightly wounded)
You shoot an arrow.
Sigmund hits you from afar with a scythe of venom.
You are poisoned.
You feel sick.
You feel sick.
You feel sick. Sigmund barely misses you.
You see here an arrow.
You feel less confused.
You feel sick. Sigmund hits you but does no damage.
You are more poisoned.
You see here an arrow.
Sigmund hits you from afar with a scythe of venom!
You die...

# ##### ### .. ...## ..# #.
... #.# #. #.# #.#
###.####.## #.#
#.....#...########.####
#........<.).†........###
#....)....######.........
#......#@#######...##.###
###........(....###..##....
..........@####....#.######
######.#..(.# .###..
#.##.#.((.... #.## #.
#.#..##.(# #.# #. #.#..# #
#.# #. #..... .. .......


You could see Sigmund.

Vanquished Creatures
  Jessica (D:2)
  Natasha (twice) (D:2)
  2 adders (D:2)
  A dart slug (D:1)
  A worm (D:2)
  3 giant geckos
  5 bats
  A giant cockroach (D:2)
  3 goblins
  3 hobgoblins
  A kobold (D:2)
  A rat (D:1)
24 creatures vanquished.

Notes
Turn   | Place    | Note
--------------------------------------------------------------
     0 | D:1      | Antonin the High Elf Hunter began the quest for the Orb.
     0 | D:1      | Reached XP level 1. HP: 14/14 MP: 2/2
   261 | D:1      | Reached XP level 2. HP: 19/19 MP: 3/3
   666 | D:2      | Reached skill level 6 in Bows
   804 | D:2      | Reached XP level 3. HP: 23/24 MP: 4/4
   926 | D:2      | Noticed Natasha
   938 | D:2      | Killed Natasha
   938 | D:2      | Reached XP level 4. HP: 14/29 MP: 5/5
  1265 | D:2      | Noticed Natasha
  1280 | D:2      | Killed Natasha
  1298 | D:2      | Noticed Jessica
  1307 | D:2      | Killed Jessica
  1307 | D:2      | Reached skill level 7 in Bows
  1315 | D:2      | Noticed Sigmund
  1329 | D:2      | Slain by Sigmund

Skill      XL: |  1  2  3  4 |
---------------+-------------+-----
Bows           | 6 7 |  7.2
Stealth        | 2 |  2.5
Dodging        | 3 |  3.1
Fighting       | |  2.0

Action                   |  1- 3 |  4- 6 || total
-------------------------+-------+-------++-------
Melee: Short sword       |    27 |     8 ||    35
 Fire: Shortbow          |    39 |    21 ||    60
  Eat: Chunk             |       |     1 ||     1
Armor: Leather armour    |     7 |     6 ||    13
Dodge: Dodged            |    32 |     9 ||    41
